AoeStats
← 海霸天

Black Forest

509675718Analyzed
3v3 RM · 5d ago on Sep 27, 2026· 75m 42s· 6 players
Game mode
Random Map
Map size
Normal (6 player)
Population
200
Speed
Normal
Resources
Standard
Victory
Conquest
Starting age
Dark Age
Ending age
Imperial Age
RankedLock teamsTeams togetherTeam positionsShared explorationLock speedFull tech treeHidden civsTurbo modeCheats
Victory
Defeat
🇩🇪 Spanish · Germany
595
+14
🇩🇪 Chinese · Germany
591
+14
🇩🇪 Bulgarians · Germany
503
+18
🇹🇼 Poles · Taiwan
631
-19
🇨🇳 Lithuanians · China
527
-14
🇺🇸 Hindustanis · United States
499
-13
Cowhorse
10:24 Feudal Age
11:00 Horse Collar
11:09 Double-Bit Axe
12:44 Loom
12:53 Fishing Lines
19:35 Castle Age
21:16 Bow Saw
22:01 Heavy Plow
24:32 Wheelbarrow
24:52 Forging
24:48 Scale Barding Armor
25:38 Hand Cart
27:24 Gold Mining
27:28 Stone Mining
31:13 Imperial Age
30:29 Caravan
30:55 Treadmill Crane
31:26 Masonry
31:39 Ballistics
32:05 Town Watch
32:41 Guilds
33:44 Fervor
34:13 Theocracy
34:02 Town Patrol
35:12 Husbandry
35:22 Bloodlines
35:19 Gillnets
36:17 Conscription
44:09 Tower Shields
44:29 Thumb Ring
46:20 Iron Casting
45:36 Fletching
46:07 Chain Barding Armor
47:26 Crossbowman
John Cena
0:29 Loom
19:05 Feudal Age
24:08 Castle Age
32:29 Double-Bit Axe
32:31 Horse Collar
37:45 Imperial Age
36:41 Caravan
37:24 Bow Saw
37:58 Wheelbarrow
37:09 Town Watch
37:53 Husbandry
40:15 Hand Cart
40:01 Town Patrol
42:13 Two-Man Saw
41:34 Heavy Plow
41:30 Gold Mining
41:30 Stone Mining
42:53 Chemistry
42:16 Ballistics
41:46 Guard Tower
42:07 Fortified Wall
41:53 Murder Holes
42:14 Forging
42:04 Scale Mail Armor
42:10 Scale Barding Armor
42:05 Padded Archer Armor
41:56 Fletching
41:59 Heavy Camel Rider
42:50 Bloodlines
42:00 Light Cavalry
43:28 Gold Shaft Mining
44:49 Stone Shaft Mining
45:00 Iron Casting
44:41 Chain Mail Armor
44:46 Chain Barding Armor
44:39 Masonry
45:28 Elite Ghulam
46:44 Hoardings
46:10 Grand Trunk Road
46:31 Conscription
45:46 Man-at-Arms
46:13 Arson
46:19 Hussar
46:28 Pikeman
47:09 Squires
47:58 Siege Engineers
48:57 Blast Furnace
47:53 Bodkin Arrow
48:29 Leather Archer Armor
48:37 Shatagni
48:10 Long Swordsman
48:32 Imperial Camel Rider
49:16 Siege Elephant
海霸天
13:43 Feudal Age
11:58 Loom
14:27 Horse Collar
16:56 Double-Bit Axe
20:41 Wheelbarrow
22:22 Castle Age
21:27 Gold Mining
25:13 Bow Saw
25:45 Hand Cart
26:30 Heavy Plow
31:31 Imperial Age
29:40 Town Watch
34:03 Ballistics
34:43 Chemistry
33:49 Siege Engineers
36:05 Town Watch
36:39 Elite Skirmisher
37:24 Thumb Ring
38:11 Squires
38:02 Pikeman
39:05 Forging
38:55 Scale Mail Armor
40:01 Thumb Ring
40:06 Fletching
40:17 Padded Archer Armor
40:52 Iron Casting
40:42 Conscription
39:43 Elite Obuch
42:29 Man-at-Arms
42:37 Elite Obuch
43:38 Lechitic Legacy
46:50 Lechitic Legacy
46:36 Szlachta Privileges
Kevin
3:43 Loom
16:59 Feudal Age
17:47 Double-Bit Axe
18:07 Horse Collar
19:02 Stone Mining
19:09 Gold Mining
21:04 Wheelbarrow
21:33 Forging
23:55 Man-at-Arms
28:03 Castle Age
27:25 Scale Mail Armor
29:39 Heavy Plow
30:00 Hand Cart
29:13 Pikeman
29:15 Long Swordsman
30:36 Iron Casting
30:44 Squires
31:50 Caravan
33:04 Bow Saw
35:19 Murder Holes
35:46 Ballistics
35:16 Heated Shot
35:44 Chain Mail Armor
38:20 Town Watch
38:50 Fortified Wall
38:52 Masonry
38:50 Scale Barding Armor
42:42 Gold Shaft Mining
42:43 Stone Shaft Mining
43:49 Light Cavalry
49:15 Imperial Age
47:34 Chain Barding Armor
47:07 Guard Tower
49:28 Two-Handed Swordsman
49:33 Halberdier
50:19 Heavy Rocket Cart
50:23 Capped Ram
52:08 Chemistry
50:54 Arrowslits
51:41 Plate Mail Armor
51:04 Fletching
51:15 Padded Archer Armor
52:22 Town Patrol
53:05 Coinage
53:13 Plate Barding Armor
53:39 Blast Furnace
55:29 Two-Man Saw
53:56 Champion
54:22 Arson
55:48 Conscription
57:24 Elite Chu Ko Nu
58:59 Leather Archer Armor
58:40 Bodkin Arrow
59:20 Architecture
59:19 Bombard Tower
59:12 Careening
58:57 Cavalier
59:48 Bloodlines
59:32 Sappers
60:03 Great Wall
63:57 Rocketry
64:12 Ring Archer Armor
63:42 Bracer
64:21 Keep
64:17 Architecture
64:36 Husbandry
64:09 Elite Fire Lancer
65:11 Fishing Lines
65:43 Medium Warships
64:56 Demolition Ship
65:42 Gillnets
66:18 Shipwright
66:04 Siphons
66:10 Careening
67:03 Sanctity
66:44 Devotion
67:10 Illumination
67:04 Block Printing
67:42 Clinker Construction
68:36 Theocracy
67:56 Herbal Medicine
68:40 Banking
68:46 Heavy Warships
67:45 Heavy Demolition Ship
68:53 Faith
68:00 Elite Skirmisher
68:03 Crossbowman
68:48 Thumb Ring
69:15 Arbalester
70:21 Dry Dock
70:17 Fervor
70:11 Atonement
69:57 Spies/Treason
70:10 Heavy Scorpion
70:32 Siege Ram
70:45 Siege Ram
Nico
0:57 Loom
15:28 Feudal Age
16:15 Double-Bit Axe
16:16 Horse Collar
16:30 Gold Mining
18:23 Wheelbarrow
22:19 Castle Age
23:13 Forging
24:26 Bow Saw
24:47 Scale Mail Armor
25:22 Fishing Lines
26:26 Stone Mining
27:19 Hand Cart
27:11 Pikeman
28:02 Squires
28:21 Chain Mail Armor
28:47 Heavy Plow
28:44 Man-at-Arms
29:19 Gambesons
30:20 Stone Shaft Mining
29:54 Gillnets
29:50 Long Swordsman
31:12 Iron Casting
31:48 Elite Skirmisher
32:59 Town Watch
33:29 Caravan
33:06 Light Cavalry
33:55 Scale Barding Armor
35:07 Husbandry
35:34 Bloodlines
38:16 Imperial Age
36:30 Chain Barding Armor
36:21 Herbal Medicine
36:58 Herbal Medicine
37:26 Fletching
37:37 Padded Archer Armor
38:20 Halberdier
41:02 Chemistry
40:23 Ballistics
39:46 Cavalier
41:42 Blast Furnace
41:13 Plate Mail Armor
40:16 Onager
41:07 Hussar
41:30 Two-Handed Swordsman
43:23 Inquisition
43:45 Conscription
44:45 Devotion
45:32 Plate Barding Armor
46:04 Two-Man Saw
47:43 Paladin
50:05 Elite Conquistador
51:56 Fortified Wall
51:58 Masonry
55:12 Bodkin Arrow
55:32 Leather Archer Armor
60:02 Capped Ram
67:17 Siege Ram
68:50 Supremacy
70:01 Champion
70:28 Arson
70:06 Heavy Mounted Crossbowman
70:51 Thumb Ring
71:21 Coinage
71:02 Guilds
71:35 Hoardings
70:30 Sappers
71:21 Block Printing
71:31 Illumination
71:27 Faith
71:45 Architecture
71:26 Careening
71:27 Clinker Construction
71:13 Murder Holes
71:09 Guard Tower
71:40 Bombard Tower
71:25 Siphons
71:41 Shipwright
71:07 Arrowslits
71:50 Spies/Treason
75:26 Sanctity
75:27 Heresy
75:44 Theocracy
75:21 Redemption
75:12 Atonement
75:22 Fervor
75:28 Bracer
75:59 Ring Archer Armor
76:01 Banking
David1992
0:28 Loom
0:36 Loom
15:22 Feudal Age
16:59 Horse Collar
17:08 Double-Bit Axe
27:11 Castle Age
25:50 Gold Mining
26:06 Town Watch
27:33 Forging
28:05 Scale Mail Armor
30:08 Gambesons
31:40 Heavy Plow
33:03 Caravan
37:44 Imperial Age
39:06 Elite Konnik
41:15 Pikeman
44:50 Onager
46:40 Halberdier
50:33 Stirrups
63:49 Spies/Treason
Connection lost

Rejoining the realm…

Still unreachable

The connection could not be restored.

Session expired

The server has moved on; the page needs a fresh start.